Map: Lightshade LE

Players

Strange

  • Race: Protoss Protoss
  • League: Master

DnS - Winner!

  • Race: Protoss Protoss
  • League: Master

Event: DreamHack SC2 Masters 2021 Summer

VOD

Have the link to the VOD?

Description

Time

  • Played on: May 27, 2021, 2:10 p.m.
  • Length: 10:08

All games in this series

Show
View Real Time Build Order
Export as new Build Order

Strange Protoss 

Build Orders: Phoenix Opening, Blink Stalkers 

Get SALT Encoding   

  12  0:00  Probe  
  13  0:12  Probe  
  14  0:17  Pylon  
  14  0:24  Probe (Chrono Boost)  
  15  0:36  Gateway  
  15  0:37  Probe (Chrono Boost)  
  16  0:43  Probe (Chrono Boost)  
  16  0:45  Assimilator  
  17  0:51  Probe  
  17  0:53  Assimilator  
  18  1:03  Probe (Chrono Boost)  
  19  1:10  Gateway  
  19  1:13  Probe (Chrono Boost)  
  19  1:18  Probe (Chrono Boost)  
  20  1:25  Cybernetics Core  
  21  1:30  Probe  
  22  1:35  Pylon  
  22  1:42  Probe  
  23  1:54  Probe  
  24  1:59  Warp Gate (Chrono Boost)  
  24  2:01  Sentry, Stalker  
  24  2:06  Probe  
  29  2:11  Pylon  
  29  2:18  Probe  
  30  2:29  Stalker  
  32  2:30  Probe  
  32  2:31  Stalker  
  32  2:36  Phoenix  
  35  2:39  Pylon  
  35  2:47  Twilight Council  
  35  3:10  Nexus  
  35  3:20  Blink (Chrono Boost), Pylon  
  35  3:28  Probe  
  36  3:42  Stalker x2  
  36  3:46  Probe  
  41  3:53  Robotics Facility  
  41  4:00  Probe  
  42  4:06  Pylon  
  42  4:22  Probe x2  
  44  4:24  Stalker x2  
  48  4:34  Gateway  
  48  4:35  Probe  
  48  4:38  Probe  
  50  4:43  Observer  
  51  4:47  Probe  
  51  4:50  Probe (Chrono Boost), Stalker  
  55  4:54  Stalker  
  58  5:02  Probe (Chrono Boost)  
  58  5:05  Probe (Chrono Boost), Assimilator  
  59  5:09  Probe (Chrono Boost)  
  59  5:12  Probe (Chrono Boost)  
  59  5:13  Stalker  
  63  5:16  Pylon  
  63  5:19  Stalker  
  65  5:22  Probe  
  65  5:24  Probe  
  67  5:29  Stalker  
  67  5:33  Pylon  
  69  5:37  Stalker  
  69  5:42  Stalker  
  71  5:56  Probe  
  64  6:04  Stalker x2  
  60  6:06  Probe  
  61  6:13  Probe  
  61  6:18  Probe, Stalker  
  60  6:21  Assimilator  
  61  6:26  Gateway  
  61  6:27  Gateway x2  
  61  6:28  Stalker x2  
  65  6:33  Immortal (Chrono Boost)  
  65  6:34  Observer  
  69  6:43  Observer  
  69  6:47  Stalker  
  69  6:50  Observer  
  69  6:52  Stalker x2  
  73  7:01  Observer  
  73  7:05  Immortal (Chrono Boost)  
  73  7:06  Pylon  
  77  7:14  Nexus  
  77  7:25  Sentry x4  
  77  7:27  Pylon  
  85  7:30  Stalker  
  85  7:34  Stalker  
  88  7:51  Stalker x3  
  88  7:52  Stalker  
  88  7:58  Stalker  
  98  8:04  Stalker  
  84  8:25  Stalker x4  
  90  8:27  Stalker  
  90  8:29  Probe  
  90  8:32  Probe x2  
  73  8:34  Resonating Glaives (Chrono Boost)  
  87  8:44  Probe (Chrono Boost)  
  87  8:48  Probe x2 (Chrono Boost)  
  90  8:51  Observer (Chrono Boost), Shield Battery  
  90  8:54  Sentry  
  90  8:55  Adept  
  96  8:56  Probe (Chrono Boost)  
  96  8:59  Probe (Chrono Boost), Adept  
  96  9:00  Probe (Chrono Boost)  
  96  9:02  Adept  
  102  9:05  Adept  
  102  9:08  Adept  
  106  9:17  Gateway x2  
  106  9:18  Warp Prism (Chrono Boost)  
  106  9:27  Adept  
  106  9:28  Adept  
  110  9:35  Adept x3  
  106  9:39  Adept  
  108  9:49  Adept x2  
  110  9:59  Adept x3  
  87  10:02  Adept  
Show
View Real Time Build Order
Export as new Build Order

DnS Protoss - Winner!

Build Orders: Phoenix Opening 

Get SALT Encoding   

  12  0:00  Probe  
  13  0:12  Probe  
  14  0:17  Pylon  
  14  0:24  Probe (Chrono Boost)  
  15  0:36  Probe (Chrono Boost), Gateway  
  16  0:44  Probe (Chrono Boost)  
  16  0:46  Assimilator  
  17  0:51  Probe  
  17  0:56  Assimilator  
  18  1:03  Probe (Chrono Boost)  
  19  1:08  Gateway  
  19  1:12  Probe (Chrono Boost)  
  19  1:17  Probe (Chrono Boost)  
  20  1:24  Cybernetics Core  
  21  1:29  Probe  
  22  1:34  Pylon  
  22  1:41  Probe  
  23  1:53  Probe  
  24  2:00  Stalker  
  24  2:01  Sentry  
  28  2:04  Warp Gate  
  28  2:05  Probe  
  29  2:11  Pylon  
  29  2:21  Pylon  
  29  2:32  Stalker  
  31  2:38  Sentry  
  33  2:49  Nexus  
  33  2:51  Probe  
  33  2:57  Shield Battery  
  34  3:03  Probe  
  34  3:05  Sentry  
  37  3:11  Pylon  
  37  3:15  Probe  
  38  3:24  Phoenix  
  38  3:28  Probe (Chrono Boost)  
  38  3:30  Twilight Council  
  39  3:37  Probe (Chrono Boost)  
  40  3:43  Probe (Chrono Boost)  
  40  3:47  Forge  
  41  3:55  Probe (Chrono Boost)  
  42  4:02  Phoenix  
  44  4:04  Probe x2 (Chrono Boost), Blink (Chrono Boost)  
  44  4:05  Pylon  
  44  4:11  Probe (Chrono Boost)  
  44  4:12  Probe (Chrono Boost)  
  44  4:16  Probe (Chrono Boost)  
  46  4:21  Probe, Stalker  
  50  4:26  Stalker  
  50  4:30  Protoss Ground Weapons Level 1  
  52  4:32  Probe  
  52  4:36  Photon Cannon  
  53  4:39  Pylon  
  53  4:42  Probe  
  53  4:44  Probe  
  55  4:46  Phoenix  
  55  4:47  Stalker  
  55  4:50  Assimilator  
  57  4:55  Pylon  
  57  4:56  Probe  
  57  4:57  Probe  
  59  5:08  Stalker  
  59  5:10  Probe x2  
  59  5:13  Stalker  
  65  5:20  Robotics Facility  
  65  5:24  Pylon  
  65  5:31  Nexus  
  65  5:39  Stalker x2  
  53  6:02  Stalker x2  
  53  6:08  Immortal (Chrono Boost)  
  54  6:21  Charge, Gateway  
  54  6:23  Gateway  
  54  6:26  Stalker  
  54  6:27  Stalker  
  58  6:38  Immortal  
  60  6:53  Stalker x2  
  64  6:58  Gateway x2  
  64  7:09  Gateway x2  
  64  7:14  Pylon  
  64  7:16  Sentry  
  64  7:17  Observer (Chrono Boost)  
  67  7:26  Nexus  
  67  7:32  Stalker  
  67  7:36  Warp Prism (Chrono Boost)  
  69  7:42  Zealot, Sentry  
  75  7:49  Pylon  
  75  7:55  Zealot  
  75  7:56  Zealot x2  
  81  8:04  Zealot x2  
  85  8:06  Pylon  
  85  8:13  Zealot x2  
  85  8:19  Zealot x3  
  85  8:24  Sentry x2  
  85  8:26  Zealot  
  85  8:31  Observer  
  85  8:38  Zealot x2  
  87  8:47  Zealot x4  
  95  8:53  Observer  
  96  8:59  Zealot x3  
  102  9:03  Observer, Zealot  
  104  9:18  Zealot  
  104  9:19  Zealot x3  
  104  9:20  Zealot x2  
  104  9:24  Pylon  
  109  9:43  Zealot x3  
  109  9:44  Zealot x4  
  109  9:45  Zealot  
Tags
 
Add a new tag
Caveats
  • Supply blocks, unpowered buildings, or Contaminate may cause inaccurate times.
  • Supply counts are checked every 10 seconds.